cohdb
Replays
Latest Replays
All Replays
Popular Replays
Top Player Replays
Match Explorer
How It Works
Community
CoH3 Stats
Reddit
Sign in to upload your games and track your stats! →
Sign in with Steam
Match 45632979
Unlisted
Match 45632979
Overview
Messages
Build Orders
End
Construct Infanterie Kompanie
Grenadier Squad
Grenadier Squad
Grenadier Squad
Construct Luftwaffe Kompanie
Flak 30 Anti-aircraft Gun Team
Jäger Squad
Jäger Squad
カルト_くん
ArmouredTopHat
GenevaSuggestion
Democracy
0
0
Comments
sign in to comment!
No comments posted yet!